 Dungeon Crawl Stone Soup version 0.31-a0-1591-g515db51633 (webtiles) character file.

Game seed: 12297678635022872486

9193 Conn the Destroyer (level 11, -6/71 HPs)
             Began as an Octopode Fire Elementalist on Jan 6, 2024.
             Was a Follower of Sif Muna.
             Mangled by a vampire mosquito (10 damage)
             ... on level 11 of the Dungeon.
             The game lasted 00:24:30 (11056 turns).

Conn the Destroyer (Octopode Fire Elementalist)    Turns: 11056, Time: 00:24:31

Health: -6/71      AC:  1    Str:  7 (8)  XL:     11   Next: 42%
Magic:  2/19       EV: 15    Int: 21      God:    Sif Muna [*.....]
Gold:   578        SH:  0    Dex: 13      Spells: 4/21 levels left

rFire   . . .        n - +4 short sword (speed)
rCold   . . .        (no shield)
rNeg    . . .        (helmet restricted)
rPois   .            e - amulet of the acrobat
rElec   .            A - ring of Hojutiu {Wiz SInv}
rCorr   .            (no ring)
SInv    +            (no ring)
Will    .....        (no ring)
Stlth   +++++        (no ring)
HPRegen 0.31/turn    (no ring)
MPRegen 0.16/turn    (no ring)
                     (no ring)

%: acrobat, wizardry (x1)
@: no status effects
A: almost no armour, amphibious, 8 rings, camouflage 1, gelatinous body 1,
(nimble swimmer 1), tentacles
a: Renounce Religion, Channel Magic


You were on level 11 of the Dungeon.
You worshipped Sif Muna.
Sif Muna was aware of your devotion.
You visited 2 branches of the dungeon, and saw 12 of its levels.
You also visited: Sewer.

You collected 578 gold pieces.

Inventory:

Hand Weapons
 d - a +0 dagger
 n - a +4 short sword of speed (weapon)
 D - a +1 short sword of protection
Jewellery
 e - an amulet of the acrobat (around mantle)
 f - an amulet of regeneration
 A - the ring of Hojutiu (left tentacle) {Wiz SInv}
   (You found it on level 6 of the Dungeon)

   [ring of wizardry]

   Wiz:       It improves your spell success rate.
   SInv:      It lets you see invisible.
Wands
 a - a wand of flame (18)
 B - a wand of digging (2)
Scrolls
 b - a scroll of noise
 o - 4 scrolls of enchant armour
 q - 3 scrolls of fog
 r - 3 scrolls of amnesia
 s - 2 scrolls of vulnerability
 u - a scroll of fear
 v - 3 scrolls of revelation
 w - 4 scrolls of poison
 y - a scroll of immolation
 z - a scroll of teleportation
 C - a scroll of identify
Potions
 c - a potion of curing
 g - a potion of resistance
 h - a potion of mutation
 i - 2 potions of haste
 k - a potion of invisibility
 l - a potion of cancellation
 m - 3 potions of attraction
 p - a potion of might
 t - a potion of berserk rage
 x - 3 potions of enlightenment


   Skills:
 + Level 5.1 Fighting
 - Level 4.0 Short Blades
 + Level 6.4 Dodging
 - Level 8.0 Stealth
 + Level 5.8 Spellcasting
 * Level 8.5 Conjurations
 - Level 5.0 Hexes
 + Level 4.0 Translocations
 + Level 6.7 Fire Magic
 + Level 2.6 Ice Magic
 * Level 0.0 Invocations


You had 4 spell levels left.
You knew the following spells:

 Your Spells              Type           Power      Damage    Failure   Level
a - Foxfire               Conj/Fire      100%       2x1d9     1%          1
b - Scorch                Fire           68%        2d7       1%          2
c - Inner Flame           Hex/Fire       30%        N/A       1%          3
d - Flame Wave            Conj/Fire      38%        2d10      1%          4
e - Iskenderun's Mystic   Conj/Tloc      32%        2d8       3%          4
f - Ozocubu's Armour      Ice            17%        N/A       4%          3

Your spell library contained the following spells:

 Spells                   Type           Power      Damage    Failure   Level
 Freeze                   Ice            68%        1d8       1%          1
 Kiss of Death            Conj/Necr      96%        2d12      1%          1
 Confusing Touch          Hex            27%        N/A       1%          3
 Hailstorm                Conj/Ice       29%        3d8       1%          3
 Tukima's Dance           Hex            27%        N/A       1%          3
 Volatile Blastmotes      Fire/Tloc      56%        2d14      1%          3
 Gell's Gravitas          Tloc           23%        N/A       2%          3
 Teleport Other           Tloc           23%        N/A       2%          3
 Necrotise                Necr           24%        1d5       4%          1
 Frozen Ramparts          Ice            34%        1d6       4%          3
 Fulminant Prism          Conj/Alch      12%        3d8       7%          4
 Manifold Assault         Tloc           23%        N/A       8%          4
 Passage of Golubria      Tloc           23%        N/A       8%          4
 Fugue of the Fallen      Necr           6%         N/A       12%         3
 Vampiric Draining        Necr           6%         2d6       12%         3
 Dispel Undead            Necr           6%         3d8       36%         4
 Martyr's Knell           Necr/Summ      6%         N/A       36%         4
 Yara's Violent Unravell  Hex/Alch       8%         3d5       36%         5
 Curse of Agony           Necr           6%         N/A       69%         5
 Dispersal                Tloc           11%        N/A       71%         6
 Disjunction              Tloc           11%        N/A       100%        8
 Chain Lightning          Conj/Air       12%        3d16      100%        9
 Fire Storm               Conj/Fire      19%        8d5       100%        9
 Shatter                  Erth           3%         3d7*      100%        9


Dungeon Overview and Level Annotations

Branches:
Dungeon (11/15)            Temple (1/1) D:5            Lair (0/5) D:8
    Orc (0/2) D:11          Sewer (visited)

Altars:
Ashenzari
Cheibriados
Dithmenos
Elyvilon
Fedhas
Gozag
Hepliaklqana
Kikubaaqudgha
Makhleb
Nemelex Xobeh
Okawaru
Qazlal
Ru
Sif Muna
Trog
Uskayaw
Vehumet
Wu Jian
Xom
Yredelemnul
Zin
The Shining One

Shops:
D:1 ?   D:4 *   D:11 !


Innate Abilities, Weirdness & Mutations

You cannot wear most types of armour.
You are amphibious.
You can wear up to eight rings at the same time.
Your skin changes colour to match your surroundings (Stealth+).
Your rubbery body absorbs attacks. (AC +1, EV +1)
((You are camouflaged when in or above water. (Stealth+)))
You have tentacles for arms and can constrict up to eight enemies at once.


Message History

Unknown command.
You fail to use your ability.
The vampire mosquito barely misses you.
The vampire mosquito completely misses you.
The vampire mosquito bites you!
* * * LOW HITPOINT WARNING * * *
The vampire mosquito draws strength from your injuries!
The vampire mosquito bites you!
* * * LOW HITPOINT WARNING * * *
The vampire mosquito draws strength from your injuries!
Okay, then.
Unknown command.
Unknown command.
You feel much better. The vampire mosquito bites you.
The vampire mosquito draws strength from your injuries!
The vampire mosquito bites you.
The vampire mosquito draws strength from your injuries!
The vampire mosquito barely misses you. The vampire mosquito bites you!
* * * LOW HITPOINT WARNING * * *
The vampire mosquito draws strength from your injuries!
The vampire mosquito attacks as it pursues you!
The vampire mosquito completely misses you.
The vampire mosquito misses you.
The vampire mosquito completely misses you.
The vampire mosquito bites you!
* * * LOW HITPOINT WARNING * * *
The vampire mosquito draws strength from your injuries!
Okay, then.
Okay, then.
Unknown command.
Unknown command.
Okay, then.
Unknown command.
Unknown command.
Okay, then.
Unknown command.
You feel better. The vampire mosquito bites you!
* * * LOW HITPOINT WARNING * * *
The vampire mosquito draws strength from your injuries!
The vampire mosquito bites you!
You die...

#.#(....#.....
#.#'#####...
#####...........
................
####............
#............
#...†........
#...y........
#...y@.......
#############


You could see 2 vampire mosquitoes.

Vanquished Creatures
  2 two-headed ogres
  An ugly thing (D:11)
  A gargoyle (D:11)
  A komodo dragon (D:10)
  3 trolls
  Prince Ribbit (D:6)
  A wraith (D:10)
  2 wyverns
  A basilisk (D:8)
  13 yaks
  2 steam dragons (D:8)
  A vampire mosquito (D:11)
  4 water moccasins
  Duvessa (D:7)
  2 ice beasts
  A black bear (D:8)
  A sky beast (D:6)
  An ogre (D:6)
  A phantom (D:4)
  A centaur (D:7)
  2 kobold brigands
  5 bullfrogs
  5 scorpions (D:6)
  Dowan (D:7)
  11 killer bees
  9 howler monkeys
  7 jellies
  A gnoll bouda (D:7)
  2 hounds (D:5)
  3 orc priests
  Jessica (D:3)
  3 sleepcaps
  Terence (D:2)
  An orc wizard (D:6)
  10 gnolls
  A river rat (Sewer)
  4 adders
  3 shadow imps
  A white imp (D:7)
  A ribbon worm (D:2)
  16 orcs
  12 endoplasms
  6 giant cockroaches
  7 hobgoblins
  6 jackals (D:4)
  4 quokkas
  9 ball pythons
  2 bats (D:2)
  5 frilled lizards
  6 goblins
  12 kobolds
  6 rats
204 creatures vanquished.

Vanquished Creatures (others)
  407 foxfires
407 creatures vanquished.

Grand Total: 611 creatures vanquished

Notes
Turn   | Place    | Note
-------+----------+-------------------------------------------
     0 | D:1      | Conn the Octopode Fire Elementalist began the quest for the
                  | Orb.
     0 | D:1      | Reached XP level 1. HP: 11/11 MP: 3/3
   262 | D:1      | Reached XP level 2. HP: 17/17 MP: 5/5
   267 | D:1      | Learned a level 2 spell: Scorch
   273 | D:1      | Found Hunnu's Magic Scroll Emporium.
   874 | D:2      | Noticed Terence
   953 | D:2      | Killed Terence
   954 | D:2      | Reached XP level 3. HP: 14/21 MP: 0/6
  1228 | D:2      | Reached XP level 4. HP: 27/27 MP: 3/7
  1929 | D:3      | Found a glowing drain.
  1958 | Sewer    | Entered a sewer
  2121 | Sewer    | Reached XP level 5. HP: 16/31 MP: 1/8
  2341 | Sewer    | Found a viscous altar of Jiyva.
  2566 | D:3      | Noticed Jessica
  2570 | D:3      | Killed Jessica
  2571 | D:3      | Reached XP level 6. HP: 36/36 MP: 6/10
  2763 | D:3      | Found a shadowy altar of Dithmenos.
  2858 | D:3      | Learned a level 3 spell: Inner Flame
  2863 | D:3      | Learned a level 4 spell: Flame Wave
  3657 | D:4      | Reached skill level 1 in Hexes
  3714 | D:4      | Reached XP level 7. HP: 41/41 MP: 5/11
  3771 | D:4      | Found Leseoh's Gadget Gallery.
  4223 | D:4      | Reached skill level 5 in Stealth
  4432 | D:5      | Entered Level 5 of the Dungeon
  4433 | D:5      | Found a staircase to the Ecumenical Temple.
  4456 | Temple   | Entered the Ecumenical Temple
  4574 | D:5      | HP: 2/42 [killer bee (7)]
  4813 | D:5      | Found a burning altar of Makhleb.
  4814 | D:5      | Found an ancient bone altar of Kikubaaqudgha.
  4814 | D:5      | Found a hide-covered altar of Uskayaw.
  4844 | D:5      | Found an ornate altar of the Wu Jian Council.
  5163 | D:6      | Noticed Prince Ribbit
  5170 | D:6      | Killed Prince Ribbit
  5171 | D:6      | Reached skill level 1 in Fighting
  5171 | D:6      | Reached skill level 1 in Short Blades
  5171 | D:6      | Reached XP level 8. HP: 48/48 MP: 6/13
  5403 | D:6      | Reached skill level 5 in Conjurations
  5766 | D:6      | Identified the ring of Hojutiu {Wiz SInv}
  6428 | D:7      | Noticed Dowan
  6433 | D:7      | Killed Dowan
  6433 | D:7      | Noticed Duvessa
  6434 | D:7      | Reached skill level 5 in Fire Magic
  6440 | D:7      | Killed Duvessa
  6441 | D:7      | Reached XP level 9. HP: 55/55 MP: 0/15
  6858 | D:7      | Found a bloodstained altar of Trog.
  7353 | D:8      | Reached skill level 5 in Dodging
  7457 | D:8      | Found a blossoming altar of Fedhas.
  7498 | D:8      | Found a staircase to the Lair.
  7744 | D:8      | Found a glowing silver altar of Zin.
  7800 | D:8      | Noticed a two-headed ogre
  7817 | D:8      | Killed a two-headed ogre
  7818 | D:8      | Reached XP level 10. HP: 43/63 MP: 6/17
  8012 | D:8      | Reached skill level 5 in Spellcasting
  8115 | D:8      | Found a basalt altar of Yredelemnul.
  8205 | D:8      | Found a white marble altar of Elyvilon.
  8701 | D:9      | Learned a level 4 spell: Iskenderun's Mystic Blast
  8705 | D:9      | Learned a level 3 spell: Ozocubu's Armour
  9188 | D:9      | Found a shimmering blue altar of Sif Muna.
  9189 | D:9      | Found a sparkling altar of Nemelex Xobeh.
  9193 | D:9      | Became a worshipper of Sif Muna the Loreminder
  9336 | D:10     | Entered Level 10 of the Dungeon
  9386 | D:10     | Reached skill level 1 in Translocations
  9432 | D:10     | Reached skill level 1 in Ice Magic
  9584 | D:10     | HP: 1/65 [wyvern (13)]
  9589 | D:10     | Reached XP level 11. HP: 32/70 MP: 1/19
  9830 | D:10     | Reached * piety under Sif Muna
  9831 | D:10     | Reached skill level 5 in Hexes
 10575 | D:11     | Noticed a two-headed ogre
 10667 | D:11     | Noticed a cyan ugly thing
 10675 | D:11     | Killed a cyan ugly thing
 10676 | D:11     | Reached skill level 5 in Fighting
 10813 | D:11     | Found a staircase to the Orcish Mines.
 10832 | D:11     | Found Ipneu's Distillery.
 10879 | D:11     | Killed a two-headed ogre
 11056 | D:11     | Mangled by a vampire mosquito

Illustrated notes

Levels and vault maps discovered:
D:1:      wander_arrival_lonely_grave, layout_loops_ring, serial_shops,
          nicolae_shop_stone, minmay_misc_feat_secret_circle,
          chequers_serial_rivers_room_b, minmay_misc_feat_doors
D:2:      layout_basic, minmay_misc_feat_tiny, kennysheep_cross_room,
          minmay_pentomino_p4, uniq_terence
D:3:      layout_loops_ring, grunt_dithmenos_smoke, portal_sewer_entry_f,
          kennysheep_nondescript, kennysheep_generic_room_14, uniq_jessica
D:4:      layout_basic, nicolae_shop_gadgets
D:5:      layout_loops_ring, nicolae_overflow_quartered_altars,
          minmay_temple_entry_waves
D:6:      layout_loops_corners, kennysheep_generic_room_5, uniq_prince_ribbit1
D:7:      layout_rooms, lightli_temple_of_fire, uniq_duvessa
D:8:      layout_basic, kennysheep_ying_yang, mainiacjoe_overflow_chevrons,
          amcnicky_altar_gilded, david_lair_generic
D:9:      layout_long_grid, gammafunk_temple_overflow_statue
D:10:     layout_small_grid
D:11:     layout_irregular_city, orc_0_dummy, serial_shops,
          nicolae_shop_just_a_little_nook, minivault_20
Temple:   compressed_dpeg_circular_temple

Skill      XL: |  1  2  3  4  5  6  7  8  9 10 11 |
---------------+----------------------------------+-----
Stealth        | 3 4 5 6 7 8 |  8.0
Conjurations   | 2 3 4 5 7 8 |  8.5
Dodging        | 3 4 5 6 |  6.4
Spellcasting   | 3 4 5 |  5.8
Fire Magic     | 4 5 6 |  6.7
Hexes          | 1 2 3 4 5 |  5.0
Fighting       | 1 2 3 4 5 |  5.1
Short Blades   | 1 2 3 4 |  4.0
Translocations | 2 4 |  4.0
Ice Magic      | 1 2 |  2.6

Action                     |  1- 3 |  4- 6 |  7- 9 | 10-12 || total
---------------------------+-------+-------+-------+-------++-------
  Melee: Dagger            |     9 |       |       |       ||     9
         Tentacles         |     2 |     3 |    19 |    16 ||    40
         Constrict         |     2 |     8 |    16 |     6 ||    32
         Short sword       |     3 |    38 |    86 |    45 ||   172
         Punch             |       |       |     1 |     1 ||     2
   Cast: Foxfire           |    26 |    80 |    95 |    35 ||   236
         Scorch            |     2 |     4 |    31 |    35 ||    72
         Inner Flame       |       |     2 |     6 |     9 ||    17
         Flame Wave        |       |       |     3 |    14 ||    17
         Iskenderun's Myst |       |       |       |     1 ||     1
    Use: Scroll            |     4 |     9 |     3 |     5 ||    21
         Potion            |       |     4 |     5 |     9 ||    18
   Stab: Sleeping          |     3 |     7 |    18 |     3 ||    31
         Distracted        |       |       |       |     1 ||     1
 Armour: Skin              |     4 |    18 |    59 |    67 ||   148
  Dodge: Dodged            |    10 |    26 |    60 |    77 ||   173

Table legend: (Time is in decaauts)
 A = Elapsed time spent in this place.
 B = Non-inter-level travel time spent in this place.
 C = Inter-level travel time spent in this place.
 D = Time resting spent in this place.
 E = Time spent auto-exploring this place.
 F = Levels seen in this place.
 G = Mean time per level.
                   A        B        C        D        E       F      G
               +--------+--------+--------+--------+--------+-----+--------+
         Total |  11018 |  10777 |    241 |    390 |   8027 |  13 |  847.5 |
       Dungeon |  10468 |  10227 |    241 |    390 |   7603 |  11 |  951.6 |
        Temple |      1 |      1 |      0 |      0 |      0 |   1 |    1.0 |
         Sewer |    548 |    548 |      0 |      0 |    424 |   1 |  548.0 |
               +--------+--------+--------+--------+--------+-----+--------+

Top non-repeatable levels by time:
     D:8: 1341 daAuts
     D:4: 1181 daAuts
     D:6: 1172 daAuts
     D:2: 1072 daAuts
    D:10: 981 daAuts
     D:7: 850 daAuts
     D:1: 844 daAuts
     D:9: 784 daAuts
     D:3: 778 daAuts
    D:11: 738 daAuts
     D:5: 724 daAuts
   Sewer: 548 daAuts
  Temple: 1 daAuts
